 Dungeon Crawl Stone Soup version 0.21.1-1-g345015f (webtiles) character file.

1647 vatarom the Zephyrmancer (level 9, -3/60 HPs)
             Began as a Tengu Air Elementalist on May 6, 2018.
             Slain by a sky beast (6 damage)
             ... on level 6 of the Dungeon.
             The game lasted 00:13:46 (5899 turns).

vatarom the Zephyrmancer (Tengu Air Elementalist)   Turns: 5899, Time: 00:13:47

Health: -3/60      AC:  7    Str: 13    XL:     9   Next: 0%
Magic:  3/19       EV: 13    Int: 18    God:
Gold:   268        SH:  0    Dex: 18    Spells: 3/18 levels left

rFire    . . .     SeeInvis .   g - +0 war axe
rCold    . . .     Gourm    .   (no shield)
rNeg     . . .     Faith    .   a - +1 robe
rPois    .         Spirit   .   (helmet restricted)
rElec    .         Reflect  .   q - +1 cloak
rCorr    .         Harm     .   (no gloves)
MR       .....                  (boots unavailable)
Stlth    ..........             (no amulet)
HPRegen  0.20/turn              (no ring)
MPRegen  0.16/turn              w - +2 ring of protection

@: berserking, very quick
A: beak, talons 3, thin skeletal structure 1, frail 1, high mp 1, able to fly 1
a: Fly


You were on level 6 of the Dungeon.
You were not hungry.

You visited 2 branches of the dungeon, and saw 7 of its levels.

You collected 268 gold pieces.

Inventory:

Hand Weapons
 g - a +0 war axe (weapon)
Armour
 a - a +1 robe (worn)
 q - a +1 cloak (worn)
Jewellery
 w - a +2 ring of protection (right hand)
Wands
 l - a wand of digging (10)
Scrolls
 e - 4 scrolls of blinking
 f - a scroll of amnesia
 i - a scroll of enchant weapon
 r - a scroll of random uselessness
 t - a scroll of magic mapping
 u - 3 scrolls of teleportation
 v - 2 scrolls of remove curse
Potions
 d - a potion of cancellation {unknown}
 h - a potion of brilliance
 j - 2 potions of might {unknown}
 k - a potion of lignification {unknown}
 m - 2 potions of heal wounds
 n - 3 potions of curing {unknown}
 o - a potion of berserk rage
 p - a potion of agility {unknown}
Books
 b - a book of Air

   Spells                             Type                      Level
   a - Shock                          Conjuration/Air              1
   b - Swiftness                      Charms/Air                   2
   c - Static Discharge               Conjuration/Air              3
   d - Airstrike                      Air                          4
   e - Lightning Bolt                 Conjuration/Air              5
Comestibles
 c - 9 rations
 s - a chunk of flesh


   Skills:
 - Level 2.1 Dodging
 - Level 2.0 Stealth
 + Level 5.3 Spellcasting
 + Level 7.2 Conjurations
 * Level 10.9 Air Magic


You had 3 spell levels left.
You knew the following spells:

 Your Spells              Type           Power        Failure   Level  Hunger
a - Shock                 Conj/Air       ####         1%          1    None
b - Swiftness             Chrm/Air       ###.....     1%          2    #......
c - Static Discharge      Conj/Air       #####...     1%          3    ##.....
d - Airstrike             Air            #####.....   1%          4    ####...
e - Lightning Bolt        Conj/Air       #####.....   9%          5    ######.


Dungeon Overview and Level Annotations

Branches:
Dungeon (6/15)             Temple (1/1) D:6

Altars:
Ashenzari
Dithmenos
Elyvilon
Fedhas
Hepliaklqana
Kikubaaqudgha
Makhleb
Nemelex Xobeh
Ru
Trog
Uskayaw
Wu Jian
Xom
Yredelemnul
The Shining One


Innate Abilities, Weirdness & Mutations

You have a beak for a mouth.
You have claws for feet.
You can fly.
You have a somewhat thin skeletal structure. (Dex +2, Stealth)
You are frail. (-10% HP)
You have an increased reservoir of magic. (+10% MP)


Message History

A red film seems to cover your vision as you go berserk!
You feel yourself moving faster!
You feel mighty! Something hits you. Something shocks you.
You miss something. Your kick misses something. Something hits you.
Something shocks you.
You miss something. Your kick misses something. Something hits you.
* * * LOW HITPOINT WARNING * * *
Something shocks you.
* * * LOW HITPOINT WARNING * * *
You barely miss something. Your kick misses something. You peck something!
Something hits you but does no damage.
You closely miss something. Something hits you.
* * * LOW HITPOINT WARNING * * *
Something shocks you.
* * * LOW HITPOINT WARNING * * *
You are too berserk!
You barely miss something. Something hits you.
* * * LOW HITPOINT WARNING * * *
Something shocks you.
You die...

##.#≈...≈#.##
...#≈≈.≈≈#..+...
...###+###..#..... .
............#..... ..
............#.... ..
...........##...# .#
#..##......##...###..##.
#..##........./..)......
....#..........{@)......
....#......##.?(##......
...##..##..##...## .....
#..##..##........# .##.
#####)...........# #
.......)...####+##
...........#
#.)##..........
#..##.......>..


There were no monsters in sight!

Vanquished Creatures
  The ghost of raikaria the Changer, an amateur FoTm (D:5)
  An ice beast (D:5)
  4 ogres (D:5)
  A centaur (D:6)
  A scorpion (D:5)
  A howler monkey (D:4)
  4 wights (D:5)
  5 crimson imps
  A bullfrog zombie (D:5)
  A hound (D:6)
  2 orc priests
  A bullfrog skeleton (D:6)
  An iguana (D:5)
  3 orc wizards
  2 worker ants
  8 adders
  3 gnolls (D:6)
  A white imp (D:4)
  4 dart slugs
  A leopard gecko (D:5)
  15 orcs
  6 giant cockroaches
  4 goblins
  9 hobgoblins
  20 jackals
  2 quokkas
  3 ball pythons
  12 bats
  7 frilled lizards
  3 kobolds
  A quokka skeleton (D:4)
  5 rats
133 creatures vanquished.

Notes
Turn   | Place    | Note
-------+----------+-------------------------------------------
     0 | D:1      | vatarom the Tengu Air Elementalist began the quest for the Orb.
     0 | D:1      | Reached XP level 1. HP: 10/10 MP: 4/4
   186 | D:1      | Reached XP level 2. HP: 5/15 MP: 0/6
   663 | D:1      | Reached XP level 3. HP: 19/19 MP: 1/7
   670 | D:1      | Learned a level 2 spell: Swiftness
   674 | D:1      | Learned a level 3 spell: Static Discharge
   972 | D:2      | Reached skill level 5 in Air Magic
  1051 | D:2      | Found a glowing golden altar of the Shining One.
  1240 | D:2      | Reached XP level 4. HP: 19/24 MP: 1/8
  1370 | D:2      | Gained mutation: You are frail. (-10% HP) [potion of mutation]
  1370 | D:2      | Gained mutation: You have an increased reservoir of magic. (+10% MP) [potion of mutation]
  1370 | D:2      | Gained mutation: You have a somewhat thin skeletal structure. (Dex +2, Stealth) [potion of mutation]
  1474 | D:2      | Found a shattered altar of Ashenzari.
  1562 | D:2      | Found a sparkling altar of Nemelex Xobeh.
  2104 | D:3      | Gained mutation: You can fly. [Tengu growth]
  2104 | D:3      | Reached XP level 5. HP: 13/25 MP: 3/11
  2242 | D:3      | Reached skill level 6 in Air Magic
  2649 | D:3      | Found an ornate altar of the Wu Jian Council.
  2901 | D:3      | Learned a level 4 spell: Airstrike
  2982 | D:4      | Reached XP level 6. HP: 23/28 MP: 0/12
  3321 | D:4      | Reached skill level 7 in Air Magic
  3750 | D:5      | Entered Level 5 of the Dungeon
  3786 | D:5      | Noticed an ice beast
  3789 | D:5      | Killed an ice beast
  3789 | D:5      | Reached XP level 7. HP: 26/32 MP: 4/14
  3887 | D:5      | Reached skill level 8 in Air Magic
  3895 | D:5      | Reached skill level 5 in Conjurations
  4357 | D:5      | Noticed raikaria's ghost (amateur FoTm)
  4362 | D:5      | Killed raikaria's ghost
  4362 | D:5      | Reached skill level 9 in Air Magic
  4362 | D:5      | Reached XP level 8. HP: 35/36 MP: 3/17
  4725 | D:5      | Reached skill level 10 in Air Magic
  4740 | D:5      | Learned a level 5 spell: Lightning Bolt
  4806 | D:5      | Reached skill level 5 in Spellcasting
  5242 | D:6      | Found a staircase to the Ecumenical Temple.
  5270 | Temple   | Entered the Ecumenical Temple
  5824 | D:6      | Found a sacrificial altar of Ru.
  5893 | D:6      | Reached XP level 9. HP: 23/40 MP: 2/19
  5899 | D:6      | HP: 3/60 [something (2)]
  5899 | D:6      | Slain by a sky beast

Skill      XL: |  1  2  3  4  5  6  7  8 |
---------------+-------------------------+-----
Conjurations   | 2 3 4 6 7 |  7.2
Air Magic      | 5 6 7 9 10 | 10.9
Spellcasting   | 3 4 5 |  5.3
Dodging        | |  2.1
Stealth        | |  2.0

Action                   |  1- 3 |  4- 6 |  7- 9 || total
-------------------------+-------+-------+-------++-------
Melee: Whip              |    58 |    70 |       ||   128
       Kick              |    12 |    19 |     8 ||    39
       Peck              |     6 |     8 |     7 ||    21
       War axe           |       |     3 |    38 ||    41
 Cast: Shock             |    35 |    52 |    58 ||   145
       Static Discharge  |       |    10 |    12 ||    22
       Airstrike         |       |     3 |    19 ||    22
       Swiftness         |       |       |     1 ||     1
  Use: Scroll            |     3 |     9 |     2 ||    14
       Potion            |     1 |     1 |     2 ||     4
 Stab: Sleeping          |     4 |     7 |       ||    11
  Eat: Chunk             |     2 |     5 |     3 ||    10
       Ration            |       |     2 |     2 ||     4
Armor: Robe              |    29 |    15 |    25 ||    69
Dodge: Dodged            |    60 |    55 |    47 ||   162
